 Dungeon Crawl Stone Soup version 0.31.0-11-ge490571c62 (webtiles) character file.

Game seed: 12403585087440266538

91 Amaterasu the Covered (level 4, -1/41 HPs)
             Began as a Minotaur Fighter on Jan 26, 2024.
             Slain by an orc warrior
             ... wielding a +0 war axe
              (6 damage)
             ... on level 3 of the Dungeon.
             The game lasted 00:02:22 (1716 turns).

Amaterasu the Covered (Minotaur Fighter)            Turns: 1716, Time: 00:02:23

Health: -1/41      AC:  9    Str: 23    XL:     4   Next: 34%
Magic:  3/3        EV:  8    Int:  5    God:
Gold:   64         SH:  5    Dex:  9    Spells: 3/3 levels left

rFire   . . .        a - +0 war axe
rCold   . . .        c - +1 buckler
rNeg    . . .        f - +0 chain mail
rPois   .            (helmet restricted)
rElec   .            (no cloak)
rCorr   .            (no gloves)
SInv    .            (no boots)
Will    .....        (no amulet) Stlth
                     (no ring)
HPRegen 0.26/turn    (no ring)
MPRegen 0.08/turn

%: no passive effects
@: no status effects
A: horns 2, retaliatory headbutt, talons 1
a: no special abilities


You were on level 3 of the Dungeon.
You visited 1 branch of the dungeon, and saw 3 of its levels.

You collected 64 gold pieces.

Inventory:

Hand Weapons
 a - a +0 war axe (weapon)
Missiles
 j - 2 javelins (quivered)
Armour
 c - a +1 buckler (worn)
 f - a +0 chain mail (worn)
Jewellery
 i - a ring of magical power
 m - a ring of poison resistance
Scrolls
 b - a scroll of teleportation
 g - a scroll of immolation
 k - a scroll of identify
Potions
 d - a potion of might
 e - a potion of curing
 h - a potion of heal wounds
 l - a potion of invisibility {unknown}


   Skills:
 + Level 4.5 Fighting
 * Level 4.0 Axes
 * Level 4.5 Armour
 - Level 3.6 Shields


You had 3 spell levels left.
You didn't know any spells.
Your spell library was empty.

Dungeon Overview and Level Annotations

Branches:
Dungeon (3/15)

Altars:


Innate Abilities, Weirdness & Mutations

You have a pair of horns on your head.
You reflexively headbutt those who attack you in melee.
You have sharp toenails.


Message History

The orc warrior shouts!
You slash the kobold!
You kill the kobold!
A bat comes into view.
An orc comes into view. It is wielding a +0 dagger.
The orc shouts!
The bat hits you but does no damage.
Things that are here:
a +0 whip; 3 stones You barely miss the bat.
Your headbutt misses the bat. The bat hits you.
A ball python comes into view.
The ball python hisses angrily.
You hear a shout!
The bat completely misses you.
A kobold comes into view. It is wielding a +0 dagger.
You closely miss the bat. Your kick misses the bat.
Your headbutt misses the bat. The bat barely misses you.
You furiously retaliate!
You headbutt the bat!
You kill the bat!
The orc warrior hits you with a +0 war axe.
You hit the orc warrior but do no damage.
The orc warrior barely misses you. You furiously retaliate!
You headbutt the orc warrior, but do no damage.
You closely miss the orc warrior. Your headbutt misses the orc warrior.
The orc warrior barely misses you.
You hit the orc warrior. You claw the orc warrior.
The orc warrior is lightly wounded.
The orc warrior closely misses you.
The orc warrior hits you with a +0 war axe.
You barely miss the orc warrior. You headbutt the orc warrior.
The orc warrior is lightly wounded.
The orc warrior hits you with a +0 war axe!
You slash the orc warrior!
The orc warrior is moderately wounded.
The orc warrior hits you with a +0 war axe.
You closely miss the orc warrior. Your headbutt misses the orc warrior.
The orc warrior is moderately wounded.
The orc warrior hits you with a +0 war axe!
* * * LOW HITPOINT WARNING * * *
The orc warrior hits you with a +0 war axe.
You die...

#...........#
#<###########
#.# #.# #.#
#.# ### #.#
.....#######.#
#.>Soo@)....#
#.#K#########


You could see an orc warrior, an orc, a ball python and a kobold.

Vanquished Creatures
  An orc wizard (D:3)
  3 orcs (D:3)
  6 ball pythons
  2 bats
  4 endoplasms
  2 giant cockroaches
  7 hobgoblins
  4 jackals (D:2)
  6 quokkas
  A frilled lizard (D:2)
  10 goblins (D:2)
  5 kobolds
  4 rats
55 creatures vanquished.

Notes
Turn   | Place    | Note
-------+----------+-------------------------------------------
     0 | D:1      | Amaterasu the Minotaur Fighter began the quest for the Orb.
     0 | D:1      | Reached XP level 1. HP: 19/19 MP: 0/0
    60 | D:1      | Reached XP level 2. HP: 25/27 MP: 1/1
   905 | D:2      | Reached XP level 3. HP: 33/33 MP: 2/2
  1501 | D:2      | Gained mutation: You have sharp toenails. [potion of
                  | mutation]
  1550 | D:3      | Reached XP level 4. HP: 25/41 MP: 3/3
  1705 | D:3      | Noticed an orc warrior
  1716 | D:3      | Slain by an orc warrior

Illustrated notes

Levels and vault maps discovered:
D:1:      wander_arrival_desolate, layout_basic, kennysheep_boxes
D:2:      layout_basic, minmay_goblin_outpost
D:3:      layout_basic, serial_shops, nicolae_shop_waterfront

Skill      XL: |  1  2  3 |
---------------+----------+-----
Fighting       | 4 |  4.5
Axes           | 3 4 |  4.0
Armour         | 4 |  4.5
Shields        | |  3.6

Action                     |  1- 3 |  4- 6 || total
---------------------------+-------+-------++-------
  Melee: War axe           |   107 |     9 ||   116
         Headbutt          |    11 |     1 ||    12
         Kick              |     2 |     1 ||     3
    Use: Scroll            |     8 |       ||     8
         Potion            |     1 |       ||     1
 Armour: Scale mail        |     9 |       ||     9
         Chain mail        |    87 |     9 ||    96
  Dodge: Dodged            |    53 |     6 ||    59
  Block: Buckler           |    21 |       ||    21
